[Event "Team 45 45 League T72"]
[Site "Internet Chess Club"]
[Date "2017.04.22"]
[Round "5"]
[White "Kronus"]
[Black "SAC2001"]
[Result "0-1"]
[WhiteElo "1636"]
[BlackElo "1952"]
[Opening "Ruy Lopez: closed (10...c5)"]
[ECO "C96"]
[Time "22:00:29"]
[TimeControl "2700+45"]

1. e4 e5 2. Nf3 Nc6 3. Bb5 a6 4. Ba4 Nf6 5. O-O Be7 6. Re1 b5 7. Bb3 d6 8. h3
O-O 9. c3 Na5 10. Bc2 c5 11. d4 cxd4 12. cxd4 Qc7 13. Bg5 Nc6 14. Nc3 b4 15. Nd5
Nxd5 16. exd5 Nxd4 17. Nxd4 Bxg5 18. Nc6 a5 19. h4 Bf6 20. Re3 g6 21. h5 Bg7 22.
g4 Qd7 23. Rg3 Ba6 24. Ba4 Qc7 25. Rc1 Qb6 26. Ne7+ Kh8 27. Qf3 Ra7 28. Rc6 Qd8
29. Qe3 Qxe7 30. h6 Bf6 31. g5 Bxg5 32. Rxg5 Raa8 33. Rg2 Bb7 34. Rb6 Bxd5 35.
Rh2 Rac8 36. f4 Rc7 37. Rd2 Rc1+ 38. Bd1 Rc5 39. fxe5 Qxe5 40. Qxe5+ dxe5 41.
Rd6 Bxa2 42. Ba4 Be6 43. Bc6 Kg8 44. Rd8 Rxc6 45. Rxf8+ Kxf8 46. Rd8+ {White
resigns} 0-1

[Event "Team 45 45 League T72"]
[Site "Internet Chess Club"]
[Date "2017.04.13"]
[Round "5"]
[White "jjimalo"]
[Black "cap78red"]
[Result "1-0"]
[WhiteElo "1777"]
[BlackElo "1455"]
[Opening "Pirc: classical system, 5.Be2"]
[ECO "B08"]
[Time "02:34:53"]
[TimeControl "2700+45"]

1. e4 d6 2. d4 Nf6 3. Nc3 g6 4. Nf3 Bg7 5. Be2 O-O 6. O-O Bd7 7. h3 Bh8 8. Be3
b5 9. a3 Bc6 10. e5 Nfd7 11. e6 fxe6 12. Ng5 Rf6 13. d5 exd5 14. Nxd5 Nb6 15.
Nxf6+ Bxf6 16. Ne6 Qc8 17. Nd4 Qb7 18. Nxc6 Nxc6 19. c3 Ne5 20. Qc2 Rb8 21. b3
Nd5 22. Bd2 Qc6 23. Rac1 g5 24. Qf5 Nf4 25. Bxf4 gxf4 26. Qxf4 Ng6 27. Qf3 Qc5
28. b4 Qe5 29. Rfe1 Bg5 30. Rcd1 Rf8 31. Qd5+ Qxd5 32. Rxd5 Bh4 33. g3 Bf6 34.
Rxb5 Bxc3 35. Bc4+ Kg7 36. Re2 c6 37. Rb7 Ne5 38. Rxe7+ Kf6 39. Re6+ Kf5 40. g4+
Kf4 41. Bb3 Nf3+ 42. Kg2 Nh4+ 43. Kf1 Be5 44. Rh6 Bf6 45. Rxh7 Nf3 46. Rf7 Rxf7
47. Bxf7 c5 48. Bd5 Ng5 49. h4 Kxg4 50. hxg5 Kxg5 51. b5 Bd4 52. Re7 Kf4 53. Ke2
Kf5 54. a4 Kf6 55. Re6+ Kf5 56. a5 Bc3 57. a6 Ba5 58. Kd3 Bb6 59. Kc4 Bc7 60.
Re7 Bb6 61. Rb7 {Black resigns} 1-0

[Event "Team 45 45 League T72"]
[Site "Internet Chess Club"]
[Date "2017.04.16"]
[Round "5"]
[White "Darshukarpov"]
[Black "chessnow"]
[Result "1-0"]
[WhiteElo "1478"]
[BlackElo "1714"]
[Opening "two knights: Max Lange attack"]
[ECO "C50"]
[Time "12:42:24"]
[TimeControl "2700+45"]

1. e4 e5 2. Nf3 Nc6 3. Bc4 Bc5 4. O-O Nf6 5. d4 exd4 6. e5 d5 7. exf6 dxc4 8.
Re1+ Be6 9. Ng5 Qxf6 10. Nxe6 fxe6 11. Qh5+ Kd7 12. Qxc5 Rhf8 13. f3 Rae8 14.
Nd2 Qg6 15. Nxc4 Rf5 16. Ne5+ Nxe5 17. Qxd4+ Kc8 18. Rxe5 Rd8 19. Qe4 Rd1+ 20.
Kf2 Rxe5 21. Qxe5 Qxc2+ 22. Qe2 Rxc1 23. Rxc1 Qxc1 24. Qxe6+ Kd8 25. Qg8+ Kd7
26. Qxg7+ Kd6 27. Qd4+ Ke7 28. Qe3+ Qxe3+ 29. Kxe3 c5 30. Ke4 b5 31. Kd5 c4 32.
a4 c3 33. bxc3 bxa4 34. Kc4 a5 35. Kd3 Kd6 36. Kc2 Kd5 37. Kb2 Kc4 38. f4 h5 39.
h3 Kd5 40. g4 h4 41. f5 Ke5 42. Ka3 Kf4 43. f6 Kg3 44. f7 Kxh3 45. f8=Q Kxg4
{Black resigns} 1-0

[Event "Team 45 45 League T72"]
[Site "Internet Chess Club"]
[Date "2017.04.16"]
[Round "5"]
[White "kllrchris"]
[Black "PsyMar"]
[Result "1-0"]
[WhiteElo "1662"]
[BlackElo "1228"]
[Opening "Giuoco Piano"]
[ECO "C54"]
[Time "17:00:34"]
[TimeControl "2700+45"]

1. e4 e5 2. Bc4 Bc5 3. Nf3 Nc6 4. c3 Nf6 5. d3 O-O 6. b4 Bb6 7. a4 a5 8. b5 Ne7
9. Nxe5 d5 10. exd5 Nexd5 11. O-O Re8 12. d4 c5 13. Kh1 cxd4 14. cxd4 Nb4 15.
Bxf7+ Kf8 16. Bxe8 Nxe8 17. Qh5 Nd6 18. Qxh7 Be6 19. Ra3 Rc8 20. Rf3+ Nf7 21.
Qh8+ Ke7 22. Qxg7 Qe8 23. Bg5+ Kd6 24. Nxf7+ Bxf7 25. Rxf7 Qe2 26. Rd7+ {Black
resigns} 1-0

[Event "Team 45 45 League T72"]
[Site "Internet Chess Club"]
[Date "2017.04.16"]
[Round "5"]
[White "Tobiasdelmonte"]
[Black "passedpawn"]
[Result "1-0"]
[WhiteElo "1690"]
[BlackElo "1847"]
[Opening "QGD: Orthodox defense, Botvinnik variation"]
[ECO "D60"]
[Time "10:49:52"]
[TimeControl "2700+45"]

1. d4 Nf6 2. c4 e6 3. Nc3 d5 4. Nf3 Be7 5. Bg5 O-O 6. e3 Nbd7 7. Bd3 dxc4 8.
Bxc4 c5 9. O-O cxd4 10. Nxd4 Nb6 11. Bb3 e5 12. Nf3 Nfd7 13. Bxe7 Qxe7 14. e4
Nc5 15. Nd5 Nxd5 16. Bxd5 Bg4 17. h3 Bh5 18. Rc1 Rac8 19. Rc3 Bg6 20. Qc1 Nd3
21. Qd2 Nf4 22. Rfc1 Rxc3 23. Rxc3 h6 24. Qe3 b6 25. Bb3 Rd8 26. Kh2 Qd6 27. g3
Ne6 28. Bd5 Re8 29. Rc6 Qb8 30. Qc3 Nf8 31. Nh4 Kh7 32. Rc7 f6 33. Qc6 Rd8 34.
Rb7 Qa8 35. Qxf6 Qxb7 36. Qxd8 Ne6 37. Bxe6 {Black resigns} 1-0

[Event "Team 45 45 League T72"]
[Site "Internet Chess Club"]
[Date "2017.04.16"]
[Round "5"]
[White "Signalman"]
[Black "JPSVI"]
[Result "1-0"]
[WhiteElo "1867"]
[BlackElo "1543"]
[Opening "Dutch"]
[ECO "A80"]
[Time "13:03:58"]
[TimeControl "2700+45"]

1. d4 f5 2. Bf4 Nf6 3. e3 g6 4. h4 Bg7 5. h5 gxh5 6. Nc3 e6 7. Nge2 b6 8. Ng3
Nc6 9. Nxh5 O-O 10. Nxg7 Kxg7 11. Bh6+ Kh8 12. Bxf8 Qxf8 13. Qf3 Qb4 14. O-O-O
a6 15. Bd3 Bb7 16. Rh6 Ng4 17. Rxh7+ Kxh7 18. Qxg4 {Black resigns} 1-0

[Event "Team 45 45 League T72"]
[Site "Internet Chess Club"]
[Date "2017.04.13"]
[Round "5"]
[White "fireball"]
[Black "ChessRooklift"]
[Result "1-0"]
[WhiteElo "1584"]
[BlackElo "1736"]
[Opening "Sicilian: Smith-Morra gambit"]
[ECO "B21"]
[Time "20:03:39"]
[TimeControl "2700+45"]

1. e4 c5 2. d4 cxd4 3. c3 dxc3 4. Nxc3 Nc6 5. Nf3 d6 6. Bc4 e6 7. O-O Be7 8. Qe2
a6 9. Rd1 Qc7 10. Bf4 b5 11. Bb3 Bb7 12. Rac1 Rd8 13. Nd5 exd5 14. exd5 Nf6 15.
dxc6 Bc8 16. Ng5 O-O 17. Qd3 h6 18. Nxf7 Rxf7 19. Qg6 Bf8 20. Bxh6 d5 21. Bg5
Ng4 22. g3 Ne5 23. Bxd8 Nxg6 24. Bxc7 Rxc7 25. Rxd5 Be6 26. Rd7 Bxb3 27. Rxc7
Bxa2 28. Ra7 Ne7 29. Rxe7 Bxe7 30. c7 Be6 31. c8=Q+ Bxc8 32. Rxc8+ Kf7 33. Ra8
Ke6 34. Rxa6+ Kd5 35. b3 Kd4 36. Re6 Bf6 37. Kg2 Kc3 38. Re3+ Kb4 39. Rf3 Bc3
40. Rf5 g6 41. Rd5 Kxb3 42. Rxb5+ {Black resigns} 1-0

[Event "Team 45 45 League T72"]
[Site "Internet Chess Club"]
[Date "2017.04.12"]
[Round "5"]
[White "tightfist"]
[Black "Insan996"]
[Result "0-1"]
[WhiteElo "1526"]
[BlackElo "1624"]
[Opening "Queen's Indian: 4.Nc3"]
[ECO "E12"]
[Time "21:32:36"]
[TimeControl "2700+45"]

1. Nf3 Nf6 2. c4 e6 3. Nc3 b6 4. d4 Bb4 5. Bd2 Bb7 6. e3 O-O 7. Be2 c5 8. dxc5
Bxc5 9. O-O d5 10. Qc2 Nc6 11. Na4 Bb4 12. a3 Bxd2 13. Qxd2 Qe7 14. b4 dxc4 15.
Bxc4 Rac8 16. Qe2 Rfd8 17. Rfd1 h6 18. Nc3 Qc7 19. Nb5 Qb8 20. Rxd8+ Rxd8 21.
Rd1 a6 22. Nbd4 Nxd4 23. Rxd4 Rxd4 24. Nxd4 b5 25. Bb3 Qc7 26. Qc2 Qe5 27. h3
Kf8 28. Qb2 Qe4 29. Nf3 Qd3 30. Ne5 Qe4 31. Nf3 Qd3 32. Bc2 Qe2 33. Nd4 Qe1+ 34.
Kh2 Qxf2 35. Nxe6+ fxe6 36. Be4 Qxb2 37. Bxb7 Qxa3 38. Kg3 Qxe3+ 39. Bf3 Ne4+
40. Kh2 Nc3 41. Kg3 Ne2+ 42. Kg4 Qg5# {White checkmated} 0-1

[Event "Team 45 45 League T72"]
[Site "Internet Chess Club"]
[Date "2017.04.15"]
[Round "5"]
[White "searchforbobby1"]
[Black "ganymede57"]
[Result "0-1"]
[WhiteElo "1957"]
[BlackElo "2112"]
[Opening "Ponziani: Steinitz variation"]
[ECO "C44"]
[Time "12:11:44"]
[TimeControl "2700+45"]

1. e4 e5 2. Nf3 Nc6 3. c3 d5 4. Qa4 f6 5. Bb5 Ne7 6. exd5 Qxd5 7. O-O e4 8. c4
Qd7 9. Ne1 a6 10. Nc3 f5 11. d3 exd3 12. Be3 axb5 13. Qxa8 bxc4 14. b3 g5 15.
bxc4 f4 16. Rd1 fxe3 17. Rxd3 e2 18. Nxe2 Qg4 19. Re3 Bg7 20. h3 Qd7 21. Rd3 Qf5
22. Ng3 Qg6 23. Rf3 Ne5 24. Rf5 Kd8 25. Nf3 Nxf5 26. Nxf5 Nxf3+ 27. gxf3 Qxf5
{White resigns} 0-1

[Event "Team 45 45 League T72"]
[Site "Internet Chess Club"]
[Date "2017.04.16"]
[Round "5"]
[White "Dreamshell"]
[Black "ArturitoGalacti"]
[Result "1-0"]
[WhiteElo "1902"]
[BlackElo "1869"]
[Opening "French: Tarrasch, closed variation"]
[ECO "C05"]
[Time "19:07:44"]
[TimeControl "2700+45"]

1. d4 e6 2. e4 d5 3. Nd2 Nf6 4. e5 Nfd7 5. Bd3 c5 6. c3 Nc6 7. Ngf3 cxd4 8. cxd4
Nb6 9. O-O Bd7 10. a3 a5 11. Re1 a4 12. Nf1 Be7 13. g3 g5 14. Be3 Na5 15. N3d2
Nac4 16. Rb1 h5 17. Nxc4 Nxc4 18. Be2 g4 19. h3 gxh3 20. Bxh5 Bg5 21. f4 Be7 22.
Qg4 Qb6 23. Red1 Nxb2 24. Bc1 Bxa3 25. Rd2 Bb5 26. Bxb2 Bxf1 27. Bxa3 h2+ 28.
Kh1 Qa6 29. Qg5 {Black resigns} 1-0

[Event "Team 45 45 League T72"]
[Site "Internet Chess Club"]
[Date "2017.04.17"]
[Round "5"]
[White "ChessHouston"]
[Black "cityprosecutor"]
[Result "1-0"]
[WhiteElo "1788"]
[BlackElo "1688"]
[Opening "Sicilian: dragon variation"]
[ECO "B70"]
[Time "16:22:43"]
[TimeControl "2700+45"]

1. e4 c5 2. Nf3 d6 3. d4 cxd4 4. Nxd4 Nf6 5. Nc3 g6 6. Bc4 Bg7 7. Be3 Ng4 8.
Bb5+ Kf8 9. O-O Be5 10. Nf3 Nxe3 11. fxe3 Bxc3 12. bxc3 Kg7 13. Bc4 f6 14. Nd4
Nc6 15. Bd5 Ne5 16. Rb1 Rb8 17. Qe2 a6 18. Bxb7 Qa5 19. Bxc8 Rhxc8 20. Ne6+ Kg8
21. Nf4 Kf7 22. Nd5 Qxa2 23. Ra1 Qc4 24. Qf2 Nd7 25. Qh4 h5 26. Rf4 Rc5 27. Raf1
Rxd5 28. exd5 Qxc3 29. Qh3 Nc5 30. g4 h4 31. g5 Qe5 32. Qxh4 Qxe3+ 33. Kh1 Rf8
34. Re1 Qd2 35. Qh7+ {Black resigns} 1-0

[Event "Team 45 45 League T72"]
[Site "Internet Chess Club"]
[Date "2017.04.23"]
[Round "5"]
[White "JasonModer"]
[Black "JSCOL"]
[Result "0-1"]
[WhiteElo "2018"]
[BlackElo "2100"]
[Opening "Queen's Indian: Petrosian system"]
[ECO "E12"]
[Time "18:06:49"]
[TimeControl "2700+45"]

1. d4 Nf6 2. c4 e6 3. Nf3 b6 4. a3 Bb7 5. Nc3 d6 6. e3 Nbd7 7. Qc2 Be7 8. Be2
O-O 9. O-O d5 10. cxd5 exd5 11. b4 c6 12. Bb2 Re8 13. Rfe1 a5 14. b5 c5 15. Rad1
c4 16. a4 Bb4 17. Nd2 Rc8 18. Ra1 Nf8 19. Ba3 Qe7 20. Qb2 Ne6 21. Bf1 Bxa3 22.
Qxa3 Qxa3 23. Rxa3 Nxd4 24. Rc1 Ne6 25. Nf3 Nc5 26. Nd4 Nfe4 27. g3 g6 28. Bg2
f5 29. Rc2 Kf7 30. Kf1 Nd3 31. Bh1 Ke7 32. Bg2 Kd6 33. Bh1 Re7 34. Bg2 Rce8 35.
Nd1 Nec5 36. Bf3 Ne6 37. Nxe6 Rxe6 38. Nc3 g5 39. Ne2 f4 40. Nd4 Rf6 41. Ke2
fxe3 42. fxe3 Ref8 43. g4 Rxf3 44. Nxf3 Rxf3 45. Kxf3 Ne1+ 46. Ke2 Nxc2 47. Rc3
Nb4 48. Rc1 Bc8 49. h3 Ke5 50. Rf1 Be6 51. Rf8 d4 52. exd4+ Kxd4 53. Rf6 Nd5 54.
Rh6 Nf4+ 55. Kd2 c3+ 56. Kc2 Bc4 57. Rxb6 Bd3+ 58. Kb3 c2 59. Rc6 Ne2 60. b6
c1=Q 61. Rxc1 Nxc1+ 62. Kb2 Be4 63. Kxc1 Kc5 {White resigns} 0-1

[Event "Team 45 45 League T72"]
[Site "Internet Chess Club"]
[Date "2017.04.14"]
[Round "5"]
[White "santiagoelawad"]
[Black "RickyWang"]
[Result "0-1"]
[WhiteElo "1992"]
[BlackElo "1837"]
[Opening "English: ultra-symmetrical variation"]
[ECO "A36"]
[Time "09:00:44"]
[TimeControl "2700+45"]

1. c4 c5 2. Nc3 Nc6 3. g3 g6 4. Bg2 Bg7 5. Nh3 e5 6. O-O Nge7 7. f4 d6 8. d3 O-O
9. Rb1 Rb8 10. a3 a5 11. Kh1 h6 12. Be3 Nd4 13. b4 axb4 14. axb4 cxb4 15. Rxb4
Qa5 16. Qa4 Qxa4 17. Rxa4 Bd7 18. Ra2 b5 19. cxb5 Nxb5 20. Nxb5 Rxb5 21. fxe5
dxe5 22. Nf2 Be6 23. Rc2 Nf5 24. Bc1 Nd4 25. Rd2 Rc8 26. e3 Nb3 27. Rdd1 Rc2 28.
Ne4 Bd5 29. Nf2 Re2 30. e4 Be6 31. Bf3 Ra2 32. Be3 Nd4 33. Bg4 Rxf2 34. Rxf2
Bxg4 35. Rdf1 Be2 36. Rxf7 Bxf1 37. Rxf1 Rb3 38. Bxd4 exd4 39. Rd1 Kf7 40. Rd2
Ke6 41. Kg2 h5 42. Kf3 Bh6 43. Rd1 Rb2 44. h3 Rd2 45. Rxd2 Bxd2 46. h4 Kd6 47.
g4 hxg4+ 48. Kxg4 Ke5 49. Kf3 Be1 50. Kg4 Bf2 51. Kg5 Be1 52. Kg4 Bd2 53. Kf3
Ba5 54. Kg4 Bd8 55. Kg3 Kd6 56. Kg4 Kc5 57. h5 gxh5+ 58. Kxh5 Kb4 59. Kg6 Kc3
60. e5 Kxd3 61. e6 Kc3 62. Kf7 d3 63. Ke8 Bh4 64. Kf7 d2 65. e7 Bxe7 66. Kxe7
d1=Q {White resigns} 0-1

[Event "Team 45 45 League T72"]
[Site "Internet Chess Club"]
[Date "2017.04.15"]
[Round "5"]
[White "anna"]
[Black "primerpaso"]
[Result "1/2-1/2"]
[WhiteElo "1829"]
[BlackElo "1811"]
[Opening "Sicilian: Alapin's variation (2.c3)"]
[ECO "B22"]
[Time "19:15:52"]
[TimeControl "2700+45"]

1. e4 c5 2. c3 d5 3. exd5 Qxd5 4. d4 Nf6 5. Nf3 Bg4 6. Be2 e6 7. Na3 Be7 8. Nb5
Na6 9. O-O O-O 10. dxc5 Qxd1 11. Rxd1 Nxc5 12. Be3 Nd5 13. Bxc5 Bxc5 14. h3 Bf5
15. Nbd4 Nf4 16. Bf1 Be4 17. g3 Ng6 18. Ng5 Bd5 19. c4 Bxd4 20. Rxd4 Bc6 21. Bg2
Rfd8 22. Rad1 Rxd4 23. Rxd4 Bxg2 24. Kxg2 Nf8 25. Ne4 Rc8 26. Nd6 Rd8 27. Nb5
Rxd4 28. Nxd4 Nd7 29. Nb5 a6 30. Nd6 b6 31. b4 Kf8 32. Ne4 Ke7 33. f4 f5 34. Nc3
Kd6 35. Kf3 e5 36. Ke3 h5 37. a4 g6 {Game drawn by mutual agreement} 1/2-1/2

[Event "Team 45 45 League T72"]
[Site "Internet Chess Club"]
[Date "2017.04.16"]
[Round "5"]
[White "VictorRed"]
[Black "Elton2013"]
[Result "1-0"]
[WhiteElo "1672"]
[BlackElo "1783"]
[Opening "King's Indian: fianchetto without c4"]
[ECO "A49"]
[Time "09:07:02"]
[TimeControl "2700+45"]

1. d4 Nf6 2. Nf3 g6 3. g3 Bg7 4. Bg2 d6 5. O-O O-O 6. c4 c5 7. d5 a6 8. Nc3 Nfd7
9. Bd2 Ne5 10. Nxe5 Bxe5 11. Rc1 Nd7 12. Bh6 Re8 13. e4 Nf6 14. h3 Nh5 15. Rc2
f5 16. f4 Bd4+ 17. Kh2 e5 18. Bg5 Qc7 19. Ne2 exf4 20. Nxf4 Nxf4 21. Bxf4 fxe4
22. Re1 e3 23. Rce2 Bf5 24. Bxe3 Bf6 25. Qd2 Qd7 26. Bf4 Re7 27. Rxe7 Bxe7 28.
g4 g5 29. Bxg5 Bxg5 30. Qxg5+ Bg6 31. Re7 Qd8 32. Qf6 Qf8 33. Qxd6 Rd8 34. Qc7
Re8 35. Rxe8 Qxe8 36. Qf4 Qe2 37. d6 Be8 38. Qe4 Qxe4 39. Bxe4 Kf7 40. Bxb7 Ke6
41. Bxa6 Kxd6 42. Kg3 {Black resigns} 1-0

[Event "Team 45 45 League T72"]
[Site "Internet Chess Club"]
[Date "2017.04.15"]
[Round "5"]
[White "calsal"]
[Black "Littlemon"]
[Result "1-0"]
[WhiteElo "1754"]
[BlackElo "1601"]
[Opening "Ruy Lopez: classical defense, Charousek variation"]
[ECO "C64"]
[Time "13:34:41"]
[TimeControl "2700+45"]

1. e4 e5 2. Nf3 Nc6 3. Bb5 Bc5 4. c3 Bb6 5. d4 exd4 6. cxd4 d5 7. exd5 Qxd5 8.
Nc3 Qe6+ 9. Be3 Qe7 10. O-O Bg4 11. d5 O-O-O 12. Bxb6 cxb6 13. Re1 Qc7 14. h3
Bxf3 15. Qxf3 a6 16. dxc6 axb5 17. Nxb5 Qxc6 18. Na7+ Kb8 19. Nxc6+ bxc6 20.
Qxc6 Nf6 21. Qxb6+ Ka8 22. Re3 Nd5 23. Ra3# {Black checkmated} 1-0

[Event "Team 45 45 League T72"]
[Site "Internet Chess Club"]
[Date "2017.04.15"]
[Round "5"]
[White "moodle"]
[Black "Yedixon"]
[Result "1/2-1/2"]
[WhiteElo "1616"]
[BlackElo "1704"]
[Opening "Petrov three knights game"]
[ECO "C42"]
[Time "18:02:25"]
[TimeControl "2700+45"]

1. e4 e5 2. Nf3 Nf6 3. Nc3 Bb4 4. d3 d5 5. exd5 Nxd5 6. Bd2 Nxc3 7. bxc3 Bd6 8.
d4 O-O 9. Bc4 Bg4 10. Be2 exd4 11. cxd4 Bxf3 12. Bxf3 c5 13. O-O Qc7 14. h3 cxd4
15. Rb1 Nc6 16. c3 dxc3 17. Bxc3 Rad8 18. Qc1 b6 19. Bxg7 Kxg7 20. Qxc6 Qxc6 21.
Bxc6 Rc8 22. Bd5 Rc5 23. Rfd1 Rd8 24. Bb3 a5 25. Kf1 b5 26. Bd5 Be5 27. Be4
Rxd1+ 28. Rxd1 Rc4 29. Bd3 Ra4 30. Rd2 Rd4 31. Ke2 b4 32. Bc2 Rxd2+ 33. Kxd2 h6
34. Bb3 f5 35. Ke3 Kf6 36. Kf3 Bd6 {Game drawn by mutual agreement} 1/2-1/2

[Event "Team 45 45 League T72"]
[Site "Internet Chess Club"]
[Date "2017.04.14"]
[Round "5"]
[White "Chess4Him"]
[Black "Srijan13"]
[Result "1-0"]
[WhiteElo "1583"]
[BlackElo "1451"]
[Opening "Queen's pawn game, Krause variation"]
[ECO "D02"]
[Time "21:00:44"]
[TimeControl "2700+45"]

1. d4 d5 2. Nf3 c5 3. c3 a5 4. Bf4 Nf6 5. e3 Bf5 6. Bb5+ Bd7 7. Bd3 Nc6 8. Nbd2
Rc8 9. Ne5 Nxe5 10. dxe5 Ng8 11. Nf3 e6 12. O-O Ne7 13. Qc2 g6 14. a4 Bg7 15. h4
O-O 16. h5 c4 17. Be2 Nc6 18. Bg5 Qc7 19. Bf6 Bxf6 20. exf6 Qd8 21. Nd4 Nxd4 22.
exd4 Qxf6 23. Qd2 e5 24. dxe5 Qxe5 25. Bf3 Bc6 26. Rfe1 Qd6 27. Qd4 Rcd8 28. h6
f6 29. Bg4 Bd7 30. Bf3 Bc6 31. Bg4 Rfe8 32. Qa7 Qf4 33. Be6+ Kh8 34. Qb6 Ra8 35.
Qc5 Qd2 36. Qd6 Rad8 37. Qg3 f5 38. Qe5# {Black checkmated} 1-0

[Event "Team 45 45 League T72"]
[Site "Internet Chess Club"]
[Date "2017.04.14"]
[Round "5"]
[White "MasterD"]
[Black "mongmong"]
[Result "1-0"]
[WhiteElo "1545"]
[BlackElo "1522"]
[Opening "French: advance, Paulsen attack"]
[ECO "C02"]
[Time "21:03:55"]
[TimeControl "2700+45"]

1. e4 e6 2. d4 d5 3. e5 c5 4. c3 Nc6 5. Nf3 Qb6 6. Be2 cxd4 7. cxd4 Nge7 8. Nc3
Nf5 9. Bb5 Bd7 10. Be3 a6 11. Bxc6 Bxc6 12. Rb1 Be7 13. O-O O-O 14. Qd3 Nxe3 15.
fxe3 Rac8 16. Rfc1 Rc7 17. Na4 Bxa4 18. Rxc7 Qxc7 19. e4 dxe4 20. Qxe4 Bc6 21.
Qg4 Bxf3 22. Qxf3 Bg5 23. b4 Rc8 24. a4 Qc2 25. Rf1 Qg6 26. Qxb7 Rc1 27. Rxc1
Bxc1 28. Qc8# {Black checkmated} 1-0

[Event "Team 45 45 League T72"]
[Site "Internet Chess Club"]
[Date "2017.04.18"]
[Round "5"]
[White "kidcobra"]
[Black "Mitochondria"]
[Result "1-0"]
[WhiteElo "1861"]
[BlackElo "1587"]
[Opening "Sicilian: Najdorf, Lipnitzky attack"]
[ECO "B90"]
[Time "22:14:18"]
[TimeControl "2700+45"]

1. e4 c5 2. Nf3 d6 3. d4 cxd4 4. Nxd4 Nf6 5. Nc3 a6 6. Bc4 b5 7. Bb3 Bb7 8. f3
e6 9. Be3 Be7 10. Bxe6 fxe6 11. Nxe6 Qd7 12. Nxg7+ Kd8 13. Qd2 b4 14. Nd5 Nxd5
15. exd5 Qb5 16. Rd1 a5 17. Kf2 Bh4+ 18. g3 Bf6 19. Bg5 Nd7 20. Rhe1 Kc8 21.
Bxf6 Nxf6 22. Nf5 Qd7 23. Qf4 Ra6 24. Re7 Qd8 25. Re6 Ne8 26. Rde1 Kb8 27. Qd4
Nc7 28. Rxd6 Rxd6 29. Nxd6 Nxd5 30. Qe5 Nc7 31. Nf7 Qf8 32. Qxh8 Qxh8 33. Nxh8
Bd5 34. b3 Nb5 35. f4 Nc3 36. f5 Kc7 37. f6 Ne4+ 38. Rxe4 Bxe4 39. f7 {Black
resigns} 1-0

[Event "Team 45 45 League T72"]
[Site "Internet Chess Club"]
[Date "2017.04.17"]
[Round "5"]
[White "Scorpius"]
[Black "BJJ"]
[Result "0-1"]
[WhiteElo "1348"]
[BlackElo "1432"]
[Opening "Blackmar gambit"]
[ECO "B01"]
[Time "19:11:42"]
[TimeControl "2700+45"]

1. e4 d5 2. d4 dxe4 3. Nc3 Nf6 4. f3 exf3 5. Qxf3 c6 6. Bd3 Bg4 7. Qg3 e6 8. Nf3
Bd6 9. Bf4 Bxf4 10. Qxf4 Nbd7 11. O-O O-O 12. Ne5 Bh5 13. Ne4 Nd5 14. Qg3 Nxe5
15. dxe5 Bg6 16. Rf3 f6 17. exf6 Nxf6 18. Raf1 Qd4+ 19. Nf2 Bxd3 20. Rxd3 Qxb2
21. Rb3 Qxc2 22. Rxb7 Rf7 23. Rb8+ Rxb8 24. Qxb8+ Rf8 25. Qxa7 Nd5 26. a4 Qe2
27. Ra1 Ne3 {White resigns} 0-1

[Event "Team 45 45 League T72"]
[Site "Internet Chess Club"]
[Date "2017.04.13"]
[Round "5"]
[White "KidBoa"]
[Black "scottrugby"]
[Result "0-1"]
[WhiteElo "1282"]
[BlackElo "1427"]
[Opening "English opening"]
[ECO "A16"]
[Time "22:13:26"]
[TimeControl "2700+45"]

1. c4 Nf6 2. Nc3 g6 3. g3 Bg7 4. Bg2 c5 5. e4 Nc6 6. Nge2 d6 7. O-O O-O 8. d3 a6
9. Bg5 Bg4 10. f3 Be6 11. Nd5 Bxd5 12. cxd5 Ne5 13. Bxf6 Bxf6 14. f4 Ng4 15. Qd2
b5 16. Bh3 Nh6 17. f5 Bg7 18. fxg6 hxg6 19. d4 cxd4 20. Nxd4 Qb6 21. Rad1 f5 22.
Kg2 Bxd4 23. Qxh6 Rf6 24. exf5 Be3 25. Qh4 g5 26. Qe4 Rc8 27. Qxe7 Bd4 28. Rxd4
Qxd4 29. Rd1 Rc2+ 30. Kh1 Qxd1+ 31. Bf1 Qxf1# {White checkmated} 0-1

[Event "Team 45 45 League T72"]
[Site "Internet Chess Club"]
[Date "2017.04.22"]
[Round "5"]
[White "otherook"]
[Black "zepled37"]
[Result "1/2-1/2"]
[WhiteElo "1692"]
[BlackElo "1701"]
[Opening "English, 1...Nf6 (Anglo-Indian defense)"]
[ECO "A15"]
[Time "11:05:53"]
[TimeControl "2700+45"]

1. c4 Nf6 2. g3 g6 3. Bg2 d5 4. cxd5 Nxd5 5. Nf3 Bg7 6. O-O O-O 7. Nc3 Nc6 8.
Nxd5 Qxd5 9. d3 h6 10. Nd2 Qd8 11. Nc4 Be6 12. Be3 Kh7 13. Rc1 Bd5 14. b3 Bxg2
15. Kxg2 Nb4 16. Bd2 c5 17. a3 Nc6 18. Bc3 Rc8 19. Bxg7 Kxg7 20. Qd2 b6 21. b4
cxb4 22. axb4 b5 23. Ne3 Qd4 24. Rc5 Qxb4 25. Qxb4 Nxb4 26. Rxb5 Rb8 27. Ra5 Rb7
28. Rb1 Rfb8 29. Nd5 Nxd5 30. Rxb7 Rxb7 31. Rxd5 a6 32. Kf3 Kf6 33. Rc5 Rb6 34.
d4 Ke6 35. e4 Kd7 36. h4 h5 37. d5 Kd6 38. Ra5 Ke5 39. Ra4 e6 40. dxe6 Kxe6 41.
Kf4 f6 42. f3 Rc6 43. Ra5 Rb6 44. g4 hxg4 45. fxg4 Rc6 46. Ra4 Rb6 47. Ra5 Rc6
48. h5 g5+ 49. Kf3 Rc3+ 50. Kf2 Rc6 51. Ke3 Rd6 52. Ra4 {Game drawn by mutual
agreement} 1/2-1/2

[Event "Team 45 45 League T72"]
[Site "Internet Chess Club"]
[Date "2017.04.16"]
[Round "5"]
[White "justice02"]
[Black "crazyhorses"]
[Result "1-0"]
[WhiteElo "1618"]
[BlackElo "1368"]
[Opening "Ruy Lopez: closed, Breyer, Borisenko variation"]
[ECO "C95"]
[Time "12:00:48"]
[TimeControl "2700+45"]

1. e4 e5 2. Nf3 Nc6 3. Bb5 a6 4. Ba4 Nf6 5. O-O Be7 6. Re1 b5 7. Bb3 d6 8. h3
O-O 9. c3 Nb8 10. d4 Nbd7 11. Nbd2 Bb7 12. Bc2 Re8 13. Nf1 Bf8 14. Ng3 g6 15.
Nh2 c5 16. d5 c4 17. Ng4 Nxg4 18. Qxg4 Bg7 19. Qe2 Nc5 20. b4 cxb3 21. axb3 Qc7
22. Bd2 Rec8 23. h4 h5 24. Ra2 Bf6 25. Bg5 Bxg5 26. hxg5 Qe7 27. Qe3 Kg7 28. Bd1
Nd7 29. Bxh5 gxh5 30. Nf5+ {Black resigns} 1-0

[Event "Team 45 45 League T72"]
[Site "Internet Chess Club"]
[Date "2017.04.14"]
[Round "5"]
[White "PsyMar"]
[Black "Grenadier"]
[Result "0-1"]
[WhiteElo "1230"]
[BlackElo "1605"]
[Opening "Caro-Kann: Panov-Botvinnik attack"]
[ECO "B13"]
[Time "14:48:38"]
[TimeControl "2700+45"]

1. e4 c6 2. d4 d5 3. exd5 cxd5 4. c4 Nf6 5. Nf3 e6 6. c5 Nc6 7. Bb5 Be7 8. Ne5
Bd7 9. Nxd7 Nxd7 10. O-O O-O 11. Nc3 Rc8 12. Bf4 Bf6 13. Ne2 Ndb8 14. Bd6 Re8
15. Ng3 Bxd4 16. Bd3 g6 17. Kh1 Be5 18. Bxb8 Bxb8 19. h4 Qxh4+ 20. Kg1 Bxg3 21.
fxg3 Qxg3 22. Rf3 Qe5 23. Qd2 Qd4+ 24. Kh1 Ne5 25. Rh3 Nxd3 26. Rxd3 Qxc5 27.
Qh6 Qf8 28. Qf4 Rc4 29. Qh2 Rec8 30. Rh3 Rc1+ 31. Rxc1 Rxc1+ {White resigns} 0-1

[Event "Team 45 45 League T72"]
[Site "Internet Chess Club"]
[Date "2017.04.15"]
[Round "5"]
[White "Packerfan"]
[Black "cadmiumorange"]
[Result "0-1"]
[WhiteElo "1763"]
[BlackElo "1884"]
[Opening "Robatsch defense: Rossolimo variation"]
[ECO "B06"]
[Time "15:00:56"]
[TimeControl "2700+45"]

1. e4 g6 2. d4 Bg7 3. Nf3 d6 4. c4 Bg4 5. Be2 Nc6 6. Be3 e5 7. d5 Nce7 8. Nc3 h6
9. O-O f5 10. h3 Bxf3 11. Bxf3 f4 12. Bd2 Nf6 13. Qa4+ Qd7 14. Qxd7+ Kxd7 15. b4
h5 16. h4 Ng4 17. Bxg4+ hxg4 18. g3 Raf8 19. Rac1 Bh6 20. Rcd1 f3 21. Kh2 Bxd2
22. Rxd2 g5 23. Rh1 gxh4 24. gxh4 Rxh4+ 25. Kg1 Rxh1+ 26. Kxh1 g3 27. Kg1 g2 28.
Rd3 Ng6 29. Nb1 Rh8 30. Rxf3 Rh1+ 31. Kxg2 Rxb1 32. Rf7+ Kd8 33. Rg7 Nf4+ 34.
Kf3 b6 35. c5 bxc5 36. bxc5 dxc5 37. Rg8+ Kd7 38. Rg7+ Kc8 39. d6 cxd6 40. Rxa7
Rb7 41. Ra4 Kc7 42. Ke3 Kc6 43. f3 Kb5 44. Ra8 Rb6 45. Kd2 Ra6 46. Rb8+ Kc4 47.
Rb2 Ra3 48. Rb6 Rxa2+ 49. Kd1 Kc3 50. Rxd6 Ra1# {White checkmated} 0-1